[Event "27th Kavala Open 2018"]
[Site "Kavala"]
[Date "2018.08.08"]
[Round "6"]
[White "Giannoulakis, Lampros"]
[Black "Quparadze, Giga"]
[Result "1/2-1/2"]
[ECO "D05"]
[WhiteElo "2287"]
[BlackElo "2517"]
[Annotator "ChessBase"]
[PlyCount "65"]
[EventDate "2018.08.06"]
[EventType "swiss"]
[EventCountry "GRE"]
[SourceTitle "playchess.com"]
[Source "ChessBase"]
[SourceQuality "1"]
[TimeControl "40/5400+30:900+30"]

1. d4 Nf6 2. Nf3 e6 3. e3 c5 4. Bd3 d5 5. b3 Nc6 6. O-O b6 7. Bb2 Bb7 8. Nbd2 Bd6 9. dxc5 Bxc5 10. a3 a5 11. Qe2 O-O 12. e4 Be7 13. Rfd1 Qc7 14. c4 dxe4 15. Nxe4 Nxe4 16. Qxe4 g6 17. Qe3 Rfd8 18. h4 Bc5 19. Qh6 Bf8 20. Qg5 Bg7 21. Bxg7 Kxg7 22. Be4 h6 23. Qe3 Rxd1+ 24. Rxd1 Rd8 25. Rxd8 Qxd8 26. Qd2 Qxd2 27. Nxd2 f5 28. Bxc6 Bxc6 29. f4 Kf6 30. Kf2 g5 31. hxg5+ hxg5 32. g3 e5 33. Ke3 1/2-1/2

[Event "27th Kavala Open 2018"]
[Site "Kavala"]
[Date "2018.08.08"]
[Round "6"]
[White "Grigoriadis, Mihail"]
[Black "Hasangatin, Ramil"]
[Result "1/2-1/2"]
[ECO "B03"]
[WhiteElo "2230"]
[BlackElo "2491"]
[Annotator "ChessBase"]
[PlyCount "129"]
[EventDate "2018.08.06"]
[EventType "swiss"]
[EventCountry "GRE"]
[SourceTitle "playchess.com"]
[Source "ChessBase"]
[SourceQuality "1"]
[TimeControl "40/5400+30:900+30"]

1. e4 Nf6 2. e5 Nd5 3. d4 d6 4. c4 Nb6 5. exd6 exd6 6. Nc3 Be7 7. Bd3 Nc6 8. Be3 O-O 9. b3 Bf6 10. Nge2 Bg4 11. O-O Bh5 12. Qd2 Bg6 13. Bxg6 hxg6 14. d5 Ne7 15. Ng3 Nf5 16. Nxf5 gxf5 17. Rac1 Nd7 18. Nb5 a6 19. Nd4 g6 20. Nf3 Ne5 21. Nxe5 dxe5 22. f3 b6 23. Rfd1 Re8 24. d6 Re6 25. dxc7 Qxc7 26. Qd7 Ra7 27. Qxc7 Rxc7 28. Rd5 f4 29. Bd2 Kg7 30. Kf1 g5 31. c5 bxc5 32. Rcxc5 Rxc5 33. Rxc5 Be7 34. Rd5 Kg6 35. Ke2 f5 36. Bc3 Bf6 37. b4 e4 38. Bxf6 Kxf6 39. g3 exf3+ 40. Kxf3 g4+ 41. Kf2 f3 42. Rd2 Ke5 43. a4 Rb6 44. Rb2 Kd4 45. b5 a5 46. h4 gxh3 47. Kxf3 Kc3 48. Rh2 Kb4 49. Kf4 Kxa4 50. Kxf5 Rxb5+ 51. Kf4 Rh5 52. g4 Rh8 53. g5 Kb4 54. g6 a4 55. Kf5 a3 56. g7 Rg8 57. Kg6 Kb3 58. Rxh3+ Kb2 59. Kf7 Rxg7+ 60. Kxg7 a2 61. Rh2+ Kb1 62. Rh1+ Kb2 63. Rh2+ Kb1 64. Rh1+ Kb2 65. Rh2+ 1/2-1/2

[Event "27th Kavala Open 2018"]
[Site "Kavala"]
[Date "2018.08.08"]
[Round "6"]
[White "Nikolaou, Spiridon"]
[Black "Sandalakis, Angelos"]
[Result "0-1"]
[ECO "A05"]
[WhiteElo "2207"]
[BlackElo "2444"]
[Annotator "NA RC"]
[PlyCount "118"]
[EventDate "2018.08.06"]
[EventType "swiss"]
[EventCountry "GRE"]
[SourceTitle "playchess.com"]
[Source "ChessBase"]
[SourceQuality "1"]
[TimeControl "40/5400+30:900+30"]

1. Nf3 Nf6 2. g3 d5 3. Bg2 c6 4. O-O Bf5 5. d3 h6 6. Nfd2 e6 7. e4 Bh7 8. Nc3 Nbd7 9. h3 Be7 10. Kh1 b5 11. Qe2 b4 12. Nd1 O-O 13. e5 Ne8 14. f4 Nc7 15. Nf3 c5 16. Ne3 a5 17. g4 Re8 18. Qf2 Bf8 19. Qg3 a4 20. g5 h5 21. Nh4 Be7 22. Bf3 Bg6 23. f5 exf5 24. Nxd5 Ra6 25. Nxc7 Qxc7 26. Bf4 Qa7 27. Ng2 Nf8 28. Bd5 Ne6 29. Bc4 Rb6 30. Be3 Qa8 31. Kg1 Qd8 32. h4 Qb8 33. Rae1 Bd8 34. Bxe6 Rbxe6 35. Bxc5 Bb6 36. Bxb6 Qxb6+ 37. Qf2 Qc7 38. d4 Rc6 39. Re2 f4 40. Nxf4 Bxc2 41. Nd5 Qb7 42. Nxb4 Bg6 43. Nxc6 Qxc6 44. Rd1 Be4 45. Re3 Bd5 46. a3 Rb8 47. Rc3 Qe6 48. Rdd3 Qg4+ 49. Kf1 Be4 50. Re3 Bd5 51. Red3 Kh7 52. Ke1 Rb7 53. Rd2 Qe4+ 54. Re3 Qh1+ 55. Qf1 Qxh4+ 56. Kd1 Qxg5 57. Qd3+ g6 58. Kc1 Rb3 59. Rg3 Qxg3 0-1

[Event "27th Kavala Open 2018"]
[Site "Kavala"]
[Date "2018.08.08"]
[Round "6"]
[White "Ladopoulos, Dimitrios"]
[Black "Prince, Bajaj"]
[Result "1/2-1/2"]
[ECO "B33"]
[WhiteElo "2191"]
[BlackElo "2411"]
[Annotator "NA"]
[PlyCount "71"]
[EventDate "2018.08.06"]
[EventType "swiss"]
[EventCountry "GRE"]
[SourceTitle "playchess.com"]
[Source "ChessBase"]
[SourceQuality "1"]
[TimeControl "40/5400+30:900+30"]

1. e4 c5 2. Nf3 Nc6 3. d4 cxd4 4. Nxd4 Nf6 5. Nc3 e6 6. Ndb5 Bb4 7. a3 Bxc3+ 8. Nxc3 d5 9. exd5 exd5 10. Bd3 O-O 11. O-O d4 12. Ne2 Bg4 13. Bg5 Qd6 14. Re1 Rfe8 15. Qd2 Bxe2 16. Bf4 Qd5 17. Bxe2 Ne4 18. Bf3 Qf5 19. Qd3 Qxf4 20. Rxe4 Rxe4 21. Qxe4 Qxe4 22. Bxe4 Kf8 23. Rd1 Rc8 24. Kf1 g6 25. Ke2 a5 26. b3 f5 27. Bxc6 Rxc6 28. Rd2 a4 29. bxa4 Rc4 30. a5 Ke7 31. Kd1 Ra4 32. Kc1 Rxa3 33. Rxd4 Rxa5 34. Rb4 b5 35. Kb2 Kd6 36. Rd4+ 1/2-1/2

[Event "27th Kavala Open 2018"]
[Site "Kavala"]
[Date "2018.08.08"]
[Round "6"]
[White "Isaakidis, Alexandros"]
[Black "Magalashvili, Davit"]
[Result "0-1"]
[ECO "B90"]
[WhiteElo "2137"]
[BlackElo "2508"]
[Annotator "ChessBase"]
[PlyCount "106"]
[EventDate "2018.08.06"]
[EventType "swiss"]
[EventCountry "GRE"]
[SourceTitle "playchess.com"]
[Source "ChessBase"]
[SourceQuality "1"]
[TimeControl "40/5400+30:900+30"]

1. e4 c5 2. Nf3 d6 3. d4 cxd4 4. Nxd4 Nf6 5. Nc3 a6 6. h3 e6 7. g4 d5 8. Nde2 Bb4 9. a3 Ba5 10. b4 Bb6 11. g5 Nxe4 12. Nxe4 dxe4 13. Qxd8+ Bxd8 14. Ng3 Bd7 15. Nxe4 Bc6 16. Bg2 O-O 17. O-O Be7 18. Bf4 Nd7 19. Rfd1 Nb6 20. Bd6 Rfe8 21. Bxe7 Rxe7 22. Nd6 Bxg2 23. Kxg2 Rc7 24. c4 Nxc4 25. Nxc4 Rxc4 26. Rac1 Rxc1 27. Rxc1 h6 28. h4 hxg5 29. hxg5 Rd8 30. g6 fxg6 31. Rc7 b5 32. Rc6 Kf7 33. Rxa6 Kf6 34. Rb6 Rd5 35. Rb7 g5 36. Rb8 g4 37. Rf8+ Kg5 38. Re8 Kf5 39. Rf8+ Ke4 40. Kg3 Rf5 41. Rc8 Rf3+ 42. Kg2 Rxa3 43. Rb8 Kf4 44. Rf8+ Kg5 45. Rb8 g3 46. Rxb5+ Kg4 47. Re5 Ra2 48. Rxe6 Rxf2+ 49. Kg1 Rb2 50. Re1 Kh3 51. Ra1 Rxb4 52. Rc1 Rb3 53. Rf1 g5 0-1

[Event "27th Kavala Open 2018"]
[Site "Kavala"]
[Date "2018.08.09"]
[Round "7"]
[White "Iljin, Artem"]
[Black "Ambartsumova, Karina"]
[Result "1/2-1/2"]
[ECO "A05"]
[WhiteElo "2520"]
[BlackElo "2377"]
[Annotator "ChessBase"]
[PlyCount "20"]
[EventDate "2018.08.05"]
[EventType "swiss"]
[EventCountry "GRE"]
[SourceTitle "playchess.com"]
[Source "ChessBase"]
[SourceQuality "1"]
[TimeControl "40/5400+30:900+30"]

1. Nf3 Nf6 2. d4 d5 3. c4 e6 4. e3 Be7 5. Nc3 O-O 6. Bd3 b6 7. O-O Bb7 8. cxd5 exd5 9. b3 c5 10. Bb2 Bc8 1/2-1/2

[Event "27th Kavala Open 2018"]
[Site "Kavala"]
[Date "2018.08.09"]
[Round "7"]
[White "Neelotpal, Das"]
[Black "Theodorou, Nikolas"]
[Result "0-1"]
[ECO "B94"]
[WhiteElo "2429"]
[BlackElo "2532"]
[Annotator "ChessBase"]
[PlyCount "56"]
[EventDate "2018.08.05"]
[EventType "swiss"]
[EventCountry "GRE"]
[SourceTitle "playchess.com"]
[Source "ChessBase"]
[SourceQuality "1"]
[TimeControl "40/5400+30:900+30"]

1. e4 c5 2. Nf3 d6 3. d4 cxd4 4. Nxd4 Nf6 5. Nc3 a6 6. Bg5 Nbd7 7. Qe2 h6 8. Bh4 g6 9. f4 e5 10. fxe5 dxe5 11. Nf3 b5 12. O-O-O Qc7 13. Kb1 Bg7 14. Nd5 Nxd5 15. exd5 O-O 16. g4 Bb7 17. Bg2 Rac8 18. c3 e4 19. Qxe4 Rfe8 20. Qb4 Qb6 21. Bf1 g5 22. Bg3 Nf6 23. Qb3 Nxd5 24. Rxd5 Qe3 25. Rd3 Be4 26. Qc2 Rcd8 27. Ne1 Rxd3 28. Qxd3 Rd8 0-1

[Event "27th Kavala Open 2018"]
[Site "Kavala"]
[Date "2018.08.09"]
[Round "7"]
[White "Bednarek, Sylwester"]
[Black "Beliotis, Georgios"]
[Result "1-0"]
[ECO "A45"]
[WhiteElo "2359"]
[BlackElo "2117"]
[Annotator "NA"]
[PlyCount "125"]
[EventDate "2018.08.05"]
[EventType "swiss"]
[EventCountry "GRE"]
[SourceTitle "playchess.com"]
[Source "ChessBase"]
[SourceQuality "1"]
[TimeControl "40/5400+30:900+30"]

1. d4 Nf6 2. Bg5 d5 3. Bxf6 gxf6 4. c4 dxc4 5. e3 c5 6. d5 a6 7. a4 Nd7 8. Nf3 Rg8 9. Nc3 f5 10. g3 Bg7 11. Bg2 Qa5 12. O-O Qb4 13. Rb1 Ne5 14. d6 e6 15. Nxe5 Bxe5 16. f4 Bf6 17. e4 Bd4+ 18. Kh1 fxe4 19. f5 Bd7 20. fxe6 Bxe6 21. d7+ Kxd7 22. Qh5 Rad8 23. Nd5 Bxd5 24. Qxd5+ Kc8 25. Qxe4 f6 26. Qxh7 Rh8 27. Qe4 Rxh2+ 28. Kxh2 Rh8+ 29. Bh3+ Kb8 30. Qe2 Be5 31. Rf5 Ka7 32. Rxe5 fxe5 33. Rc1 Rd8 34. Bg2 c3 35. bxc3 Qxa4 36. Qxe5 Qc4 37. Qc7 Rh8+ 38. Kg1 Qb5 39. Re1 c4 40. Qe5 Qb6+ 41. Qe3 Qxe3+ 42. Rxe3 b5 43. g4 a5 44. Re7+ Kb6 45. Re6+ Ka7 46. Bc6 b4 47. cxb4 axb4 48. Re4 b3 49. Rxc4 Kb6 50. Bd7 Rd8 51. Bf5 Kb5 52. Rc8 Rd2 53. Rb8+ Ka4 54. Re8 b2 55. Re1 Kb3 56. Rf1 Kc3 57. Rf2 Rd4 58. Rg2 Rf4 59. Bb1 Rd4 60. Kh2 Rd1 61. Rg1 Rd2+ 62. Kh3 Kd4 63. Rg2 1-0

[Event "27th Kavala Open 2018"]
[Site "Kavala"]
[Date "2018.08.09"]
[Round "7"]
[White "Grigoriadis, Alexandros"]
[Black "Schitco, Ivan"]
[Result "1/2-1/2"]
[ECO "D03"]
[WhiteElo "2211"]
[BlackElo "2377"]
[Annotator "NA"]
[PlyCount "122"]
[EventDate "2018.08.05"]
[EventType "swiss"]
[EventCountry "GRE"]
[SourceTitle "playchess.com"]
[Source "ChessBase"]
[SourceQuality "1"]
[TimeControl "40/5400+30:900+30"]

1. d4 Nf6 2. Nf3 d5 3. Bg5 c5 4. e3 Nc6 5. c3 Qb6 6. Qb3 e6 7. Nbd2 h6 8. Bh4 g5 9. Bg3 Qxb3 10. axb3 Nh5 11. Be5 f6 12. Bc7 Kd7 13. Bb6 cxd4 14. exd4 Bd6 15. Bb5 a6 16. g3 Bc7 17. Bxc7 Kxc7 18. Bxc6 bxc6 19. O-O e5 20. dxe5 g4 21. Nh4 fxe5 22. b4 Re8 23. Nb3 Kb6 24. Ra5 Ra7 25. Nc5 Ng7 26. Re1 e4 27. Ng2 h5 28. Ne3 h4 29. gxh4 Rh8 30. Nb3 Nf5 31. Nxf5 Bxf5 32. Nd4 Bg6 33. Rc5 Rc7 34. Ra1 Bf7 35. Rca5 Ra7 36. Nb3 Be6 37. h5 Bc8 38. Nc5 Rxh5 39. Nxe4 Re7 40. Ng3 Rhe5 41. Kf1 Rh7 42. Kg2 Rhe7 43. Rd1 Re1 44. Raa1 Rxd1 45. Rxd1 a5 46. bxa5+ Kxa5 47. Rd4 c5 48. b4+ cxb4 49. cxb4+ Ka4 50. Nf1 Kb3 51. Ne3 Re5 52. Kg3 Bb7 53. Rxg4 Kc3 54. Rg7 Ba6 55. Ra7 Bc4 56. Nxc4 dxc4 57. f4 Rh5 58. Ra5 Rh8 59. Rc5 Kxb4 60. Rc7 Rg8+ 61. Kf3 Rh8 1/2-1/2

[Event "27th Kavala Open 2018"]
[Site "Kavala"]
[Date "2018.08.09"]
[Round "7"]
[White "Alexakis, Georgios"]
[Black "Pezelj, Novak"]
[Result "1-0"]
[ECO "B03"]
[WhiteElo "2056"]
[BlackElo "2483"]
[Annotator "ChessBase"]
[PlyCount "69"]
[EventDate "2018.08.05"]
[EventType "swiss"]
[EventCountry "GRE"]
[SourceTitle "playchess.com"]
[Source "ChessBase"]
[SourceQuality "1"]
[TimeControl "40/5400+30:900+30"]

1. e4 Nf6 2. e5 Nd5 3. d4 d6 4. c4 Nb6 5. f4 dxe5 6. fxe5 Bf5 7. Nc3 e6 8. Be3 Be7 9. Be2 O-O 10. Nf3 Nc6 11. O-O f6 12. exf6 Bxf6 13. Qd2 Qe8 14. Bg5 Rd8 15. Bxf6 Rxf6 16. Qe3 Rf8 17. Rad1 Qe7 18. b3 h6 19. Bd3 Bxd3 20. Rxd3 a6 21. Re1 Rfe8 22. Rd2 Qf7 23. Rde2 Re7 24. Ne5 Nxe5 25. Qxe5 Nc8 26. Re3 Red7 27. Rf1 Qe7 28. Ne2 Rd6 29. Nf4 Rxd4 30. Nxe6 Rd1 31. Nxd8 Qxe5 32. Rxe5 Rxd8 33. Rd5 Nd6 34. c5 Nf7 35. Rfd1 1-0

[Event "27th Kavala Open 2018"]
[Site "Kavala"]
[Date "2018.08.09"]
[Round "7"]
[White "Papadopoulos, Georgios"]
[Black "Isaakidis, Alexandros"]
[Result "1/2-1/2"]
[ECO "A46"]
[WhiteElo "1726"]
[BlackElo "2137"]
[Annotator "NA"]
[PlyCount "46"]
[EventDate "2018.08.05"]
[EventType "swiss"]
[EventCountry "GRE"]
[SourceTitle "playchess.com"]
[Source "ChessBase"]
[SourceQuality "1"]
[TimeControl "40/5400+30:900+30"]

1. d4 Nf6 2. Nf3 e6 3. Bf4 d5 4. e3 Bd6 5. Bxd6 Qxd6 6. c4 c5 7. cxd5 exd5 8. dxc5 Qxc5 9. Nc3 O-O 10. Be2 Nc6 11. O-O Rd8 12. Nb5 Qb6 13. Qb3 Bg4 14. h3 Na5 15. Qa4 Bxf3 16. Bxf3 Nc4 17. b3 Nd2 18. Rfd1 Nxf3+ 19. gxf3 a6 20. Nd4 Nd7 21. Ne2 Qg6+ 22. Qg4 Ne5 23. Qxg6 Nxf3+ 1/2-1/2

[Event "27th Kavala Open 2018"]
[Site "Kavala"]
[Date "2018.08.10"]
[Round "8"]
[White "Theodorou, Nikolas"]
[Black "Petrov, Martin"]
[Result "1/2-1/2"]
[ECO "B96"]
[WhiteElo "2532"]
[BlackElo "2456"]
[Annotator "ChessBase"]
[PlyCount "94"]
[EventDate "2018.08.05"]
[EventType "swiss"]
[EventCountry "GRE"]
[SourceTitle "playchess.com"]
[Source "ChessBase"]
[SourceQuality "1"]
[TimeControl "40/5400+30:900+30"]

1. e4 c5 2. Nf3 d6 3. d4 cxd4 4. Nxd4 Nf6 5. Nc3 a6 6. Bg5 e6 7. f4 h6 8. Bh4 Qb6 9. a3 Nbd7 10. Bf2 Qc7 11. Qf3 b5 12. O-O-O Bb7 13. g4 Nc5 14. Re1 Be7 15. h4 d5 16. e5 Nfe4 17. Nxe4 dxe4 18. Qe3 b4 19. axb4 Nd3+ 20. Bxd3 exd3 21. Rh3 Bxb4 22. c3 Bxc3 23. bxc3 Qxc3+ 24. Kd1 Qa1+ 25. Qc1 Qa2 26. Rxd3 Qxf2 27. Qa3 Rb8 28. Re2 Qf1+ 29. Kd2 Bd5 30. f5 Rb1 31. f6 gxf6 32. exf6 Qxf6 33. Kc2 Qf1 34. Nf5 Rc1+ 35. Kb2 Rb1+ 36. Kc2 Rc1+ 37. Kb2 Rc7 38. Ng7+ Kd7 39. Rxd5+ exd5 40. Re7+ Kc8 41. Rxc7+ Kxc7 42. Qc5+ Kb7 43. Qxd5+ Kb6 44. Qd6+ Kb5 45. Qd5+ Kb6 46. Qd6+ Kb5 47. Qd5+ Kb6 1/2-1/2

[Event "27th Kavala Open 2018"]
[Site "Kavala"]
[Date "2018.08.10"]
[Round "8"]
[White "Magalashvili, Davit"]
[Black "Kelires, Andreas"]
[Result "0-1"]
[ECO "A07"]
[WhiteElo "2508"]
[BlackElo "2531"]
[Annotator "ChessBase"]
[PlyCount "120"]
[EventDate "2018.08.05"]
[EventType "swiss"]
[EventCountry "GRE"]
[SourceTitle "playchess.com"]
[Source "ChessBase"]
[SourceQuality "1"]
[TimeControl "40/5400+30:900+30"]

1. Nf3 d5 2. g3 Nf6 3. Bg2 c6 4. O-O Bg4 5. h3 Bh5 6. d4 e6 7. c4 Nbd7 8. cxd5 cxd5 9. Qb3 Qb6 10. Qxb6 Nxb6 11. g4 Bg6 12. Ne5 Bb4 13. a3 Be7 14. Nxg6 hxg6 15. Nc3 Rc8 16. a4 Nc4 17. a5 O-O 18. g5 Nh5 19. e4 dxe4 20. Nxe4 Rc7 21. Nc3 a6 22. Ra4 Rd8 23. d5 b5 24. axb6 Nxb6 25. d6 Rxd6 26. Rxa6 Nc4 27. Ra8+ Rd8 28. Rxd8+ Bxd8 29. b4 Ne5 30. Bd2 Rc4 31. Ne4 Nd3 32. Ra1 Bc7 33. b5 Nhf4 34. Ra8+ Kh7 35. Rc8 Nd5 36. Nd6 Rc5 37. Rxc7 Rxc7 38. Bxd5 exd5 39. b6 Rc6 40. b7 Rb6 41. Kg2 Rb1 42. Be3 Ne5 43. Bf4 Nc6 44. Kf3 Rb3+ 45. Ke2 Na5 46. Nxf7 Rxb7 47. Ne5 Nc4 48. Nc6 Rb2+ 49. Kf3 Rb3+ 50. Be3 Rc3 51. Nd4 Kg8 52. Nb5 Rb3 53. Nd4 Rb7 54. Ne6 Re7 55. Nf4 Rd7 56. Bd4 Kf7 57. Ke2 Na5 58. Kd3 Nc6 59. h4 Rb7 60. Nxd5 Rd7 0-1

[Event "27th Kavala Open 2018"]
[Site "Kavala"]
[Date "2018.08.10"]
[Round "8"]
[White "Sandalakis, Angelos"]
[Black "Papadopoulos, Georgios"]
[Result "1-0"]
[ECO "C47"]
[WhiteElo "2444"]
[BlackElo "1726"]
[Annotator "NA"]
[PlyCount "79"]
[EventDate "2018.08.05"]
[EventType "swiss"]
[EventCountry "GRE"]
[SourceTitle "playchess.com"]
[Source "ChessBase"]
[SourceQuality "1"]
[TimeControl "40/5400+30:900+30"]

1. e4 e5 2. Nf3 Nc6 3. Nc3 Nf6 4. a3 d5 5. Bb5 d4 6. Ne2 Nxe4 7. d3 Nd6 8. Bxc6+ bxc6 9. Nxe5 c5 10. O-O Bd7 11. Nf4 Be7 12. Qh5 O-O 13. Nxd7 Qxd7 14. Qxc5 Nf5 15. Qd5 Bd6 16. Qf3 Rae8 17. Qg4 g6 18. Bd2 Bxf4 19. Qxf4 Qc6 20. Bb4 Qxc2 21. Bxf8 Rxf8 22. g4 Ng7 23. Qxd4 Ne6 24. Qc4 Qxb2 25. Ra2 Qb6 26. Re2 g5 27. Rc1 Qd6 28. Re3 c5 29. Qe4 h6 30. Qe5 Qxe5 31. Rxe5 Rb8 32. Re3 Rb3 33. d4 c4 34. Rxb3 cxb3 35. d5 Nf4 36. Rc8+ Kg7 37. d6 Nd5 38. Rc1 Kf6 39. d7 Ke7 40. Rd1 1-0

[Event "27th Kavala Open 2018"]
[Site "Kavala"]
[Date "2018.08.10"]
[Round "8"]
[White "Tsolakidou, Stavroula"]
[Black "Mavrikakis, Georgios"]
[Result "1-0"]
[ECO "A04"]
[WhiteElo "2418"]
[BlackElo "2119"]
[Annotator "NA"]
[PlyCount "41"]
[EventDate "2018.08.05"]
[EventType "swiss"]
[EventCountry "GRE"]
[SourceTitle "playchess.com"]
[Source "ChessBase"]
[SourceQuality "1"]
[TimeControl "40/5400+30:900+30"]

1. Nf3 f5 2. d3 Nc6 3. e4 e5 4. d4 fxe4 5. Nxe5 Qf6 6. Nxc6 dxc6 7. h4 Bf5 8. g4 Be6 9. Be2 h6 10. Be3 O-O-O 11. Nd2 Qe7 12. c4 Qb4 13. Qc2 Nf6 14. Rg1 Re8 15. O-O-O Bd6 16. g5 hxg5 17. a3 Qa5 18. Rxg5 Qa6 19. Nb3 b6 20. d5 cxd5 21. cxd5 1-0

[Event "27th Kavala Open 2018"]
[Site "Kavala"]
[Date "2018.08.10"]
[Round "8"]
[White "Bulmaga, Irina"]
[Black "Papadopoulos, Nikolaos"]
[Result "1-0"]
[ECO "B09"]
[WhiteElo "2401"]
[BlackElo "2258"]
[Annotator "NA"]
[PlyCount "85"]
[EventDate "2018.08.05"]
[EventType "swiss"]
[EventCountry "GRE"]
[SourceTitle "playchess.com"]
[Source "ChessBase"]
[SourceQuality "1"]
[TimeControl "40/5400+30:900+30"]

1. e4 d6 2. d4 Nf6 3. Nc3 g6 4. f4 Bg7 5. Nf3 O-O 6. e5 dxe5 7. fxe5 Nd5 8. Bc4 Be6 9. Bxd5 Bxd5 10. Nxd5 Qxd5 11. Qe2 c5 12. c4 Qd7 13. d5 e6 14. d6 f6 15. exf6 Rxf6 16. Bg5 Rf7 17. O-O-O Nc6 18. Rhe1 Re8 19. Be7 e5 20. Ng5 Rf5 21. Ne4 b6 22. Kb1 Rb8 23. Rd5 Nxe7 24. dxe7 Qxe7 25. Red1 Rf7 26. Qd2 Rbf8 27. Qe1 a6 28. Qe2 Rf4 29. g3 Rf3 30. Rd7 Qe6 31. a3 Qf5 32. Ka2 b5 33. R1d3 Rf1 34. Rb7 Qe6 35. Rdd7 Bh8 36. Nxc5 Qxc4+ 37. Qxc4+ bxc4 38. Ne6 Rc8 39. Rxh7 Rf2 40. Rh6 Rf6 41. Rbh7 Rxe6 42. Rxh8+ Kg7 43. R6h7+ 1-0

[Event "27th Kavala Open 2018"]
[Site "Kavala"]
[Date "2018.08.10"]
[Round "8"]
[White "Gouloutis, Nikolaos"]
[Black "Loutragotis, Dimitrios"]
[Result "1-0"]
[ECO "A04"]
[WhiteElo "2391"]
[BlackElo "2169"]
[Annotator "NA"]
[PlyCount "97"]
[EventDate "2018.08.05"]
[EventType "swiss"]
[EventCountry "GRE"]
[SourceTitle "playchess.com"]
[Source "ChessBase"]
[SourceQuality "1"]
[TimeControl "40/5400+30:900+30"]

1. Nf3 g6 2. g3 Bg7 3. Bg2 d6 4. O-O Nd7 5. c4 e5 6. Nc3 Ne7 7. d3 O-O 8. Rb1 f5 9. Qc2 Nf6 10. b4 h6 11. a4 Be6 12. b5 Nh5 13. Ba3 Rb8 14. Rfc1 g5 15. Nd5 Rf7 16. Nd2 Nf6 17. Nb4 g4 18. a5 h5 19. c5 d5 20. a6 Bh6 21. e3 f4 22. exf4 exf4 23. Re1 Bf5 24. Nb3 f3 25. Bf1 b6 26. Nd4 Bd7 27. cxb6 Rxb6 28. Nbc6 Nxc6 29. bxc6 Bc8 30. Rxb6 cxb6 31. Qa4 Ne8 32. Ne6 Bxe6 33. Rxe6 Bg7 34. h3 Nc7 35. Rd6 Qg5 36. Rd7 Be5 37. Bd6 Rxd7 38. Bxe5 Rf7 39. Qd4 Qf5 40. Qe3 Ne6 41. d4 Ng5 42. h4 Nh3+ 43. Kh2 Rf8 44. c7 Qe6 45. Bxh3 gxh3 46. Qg5+ Kf7 47. Qg7+ Ke8 48. Bd6 Rg8 49. c8=Q+ 1-0

[Event "27th Kavala Open 2018"]
[Site "Kavala"]
[Date "2018.08.10"]
[Round "8"]
[White "Schitco, Ivan"]
[Black "Kakushadze, Ilia"]
[Result "1/2-1/2"]
[ECO "A57"]
[WhiteElo "2377"]
[BlackElo "2149"]
[Annotator "NA"]
[PlyCount "46"]
[EventDate "2018.08.05"]
[EventType "swiss"]
[EventCountry "GRE"]
[SourceTitle "playchess.com"]
[Source "ChessBase"]
[SourceQuality "1"]
[TimeControl "40/5400+30:900+30"]

1. d4 Nf6 2. c4 c5 3. d5 b5 4. Nd2 bxc4 5. e4 e6 6. Bxc4 exd5 7. exd5 d6 8. Ne2 Be7 9. O-O O-O 10. Re1 Nbd7 11. b3 Nb6 12. Nf4 Rb8 13. Bb2 Ng4 14. Ne6 fxe6 15. Qxg4 e5 16. Qe2 Nxc4 17. Nxc4 Ba6 18. Bc3 Qc8 19. Qd3 Rf4 20. Re4 Qf5 21. f3 Bh4 22. Qe2 Qg6 23. Rf1 Rbf8 1/2-1/2

[Event "27th Kavala Open 2018"]
[Site "Kavala"]
[Date "2018.08.10"]
[Round "8"]
[White "Trimitzios, Petros"]
[Black "Quparadze, Giga"]
[Result "0-1"]
[ECO "A33"]
[WhiteElo "2301"]
[BlackElo "2517"]
[Annotator "ChessBase"]
[PlyCount "112"]
[EventDate "2018.08.05"]
[EventType "swiss"]
[EventCountry "GRE"]
[SourceTitle "playchess.com"]
[Source "ChessBase"]
[SourceQuality "1"]
[TimeControl "40/5400+30:900+30"]

1. Nf3 c5 2. c4 Nc6 3. Nc3 Nf6 4. d4 cxd4 5. Nxd4 e6 6. Ndb5 d5 7. cxd5 Nxd5 8. e4 Nxc3 9. Qxd8+ Kxd8 10. Nxc3 Bb4 11. Bd2 Ke7 12. O-O-O Bc5 13. f3 a6 14. Kb1 Rd8 15. Bg5+ f6 16. Rxd8 Nxd8 17. Bd2 b5 18. Be2 Bd7 19. Rc1 Bd6 20. g3 Nc6 21. Be3 Be8 22. f4 Rb8 23. Bf3 Na5 24. b3 Ba3 25. Rd1 Rc8 26. Ne2 Nb7 27. Bc1 Bc5 28. f5 Bc6 29. fxe6 Rd8 30. Rxd8 Nxd8 31. Nf4 Nxe6 32. Nxe6 Kxe6 33. Kc2 b4 34. Kd3 Bb5+ 35. Kc2 Bg1 36. h4 Ke5 37. Bf4+ Kd4 38. Kd2 g6 39. Bg2 Bc6 40. Bd6 Be3+ 41. Ke2 Bb5+ 42. Ke1 Kc3 43. e5 fxe5 44. Bxe5+ Kc2 45. Be4+ Kc1 46. Bf4 Bxf4 47. gxf4 Bd7 48. Ke2 Kb2 49. Bd5 Bf5 50. Kd2 Kxa2 51. Kc1 a5 52. Bc4 Ka3 53. Bd5 a4 54. bxa4 b3 55. Bxb3 Kxb3 56. a5 Kc3 0-1

[Event "27th Kavala Open 2018"]
[Site "Kavala"]
[Date "2018.08.10"]
[Round "8"]
[White "Giannoulakis, Lampros"]
[Black "Prince, Bajaj"]
[Result "1/2-1/2"]
[ECO "E49"]
[WhiteElo "2287"]
[BlackElo "2411"]
[Annotator "NA"]
[PlyCount "31"]
[EventDate "2018.08.05"]
[EventType "swiss"]
[EventCountry "GRE"]
[SourceTitle "playchess.com"]
[Source "ChessBase"]
[SourceQuality "1"]
[TimeControl "40/5400+30:900+30"]

1. d4 Nf6 2. c4 e6 3. Nc3 Bb4 4. e3 O-O 5. Bd3 d5 6. a3 Bxc3+ 7. bxc3 b6 8. cxd5 exd5 9. Ne2 Ba6 10. Bxa6 Nxa6 11. Qd3 Nb8 12. O-O c5 13. c4 cxd4 14. Nxd4 Nbd7 15. Nc6 dxc4 16. Qxc4 1/2-1/2

[Event "27th Kavala Open 2018"]
[Site "Kavala"]
[Date "2018.08.10"]
[Round "8"]
[White "Avramidou, Anastasia"]
[Black "Hasangatin, Ramil"]
[Result "0-1"]
[ECO "A41"]
[WhiteElo "2271"]
[BlackElo "2491"]
[Annotator "ChessBase"]
[PlyCount "76"]
[EventDate "2018.08.05"]
[EventType "swiss"]
[EventCountry "GRE"]
[SourceTitle "playchess.com"]
[Source "ChessBase"]
[SourceQuality "1"]
[TimeControl "40/5400+30:900+30"]

1. d4 d6 2. Nf3 Nf6 3. c4 g6 4. e3 Bg7 5. Nc3 O-O 6. Be2 Nbd7 7. O-O e5 8. Qc2 Re8 9. Rd1 e4 10. Nd2 Qe7 11. b4 Nf8 12. Nb3 h5 13. h3 N8h7 14. Bb2 Ng5 15. Bf1 Bf5 16. Kh2 c6 17. Ne2 d5 18. Nf4 Qd6 19. Kh1 Rac8 20. Rac1 dxc4 21. Qxc4 b6 22. b5 Nd5 23. h4 Nf3 24. gxf3 Nxf4 25. exf4 Qxf4 26. Rc3 c5 27. Qd5 Rcd8 28. Qc6 cxd4 29. Bc1 Qxh4+ 30. Kg1 dxc3 31. Rxd8 Qxd8 32. Bf4 exf3 33. Qxf3 Re1 34. Nc1 Qd1 35. Qxd1 Rxd1 36. Kg2 Be4+ 37. f3 Bxf3+ 38. Kf2 Bd4+ 0-1

[Event "27th Kavala Open 2018"]
[Site "Kavala"]
[Date "2018.08.10"]
[Round "8"]
[White "Grigoriadis, Mihail"]
[Black "Kourkoulos Arditis, Stamatis"]
[Result "0-1"]
[ECO "C17"]
[WhiteElo "2230"]
[BlackElo "2433"]
[Annotator "NA"]
[PlyCount "64"]
[EventDate "2018.08.05"]
[EventType "swiss"]
[EventCountry "GRE"]
[SourceTitle "playchess.com"]
[Source "ChessBase"]
[SourceQuality "1"]
[TimeControl "40/5400+30:900+30"]

1. e4 e6 2. d4 d5 3. Nc3 Bb4 4. e5 c5 5. Bd2 Ne7 6. a3 Bxc3 7. Bxc3 b6 8. Nf3 Ba6 9. Bxa6 Nxa6 10. h4 Qd7 11. h5 h6 12. Qe2 Nb8 13. g4 Nbc6 14. Qe3 O-O-O 15. O-O-O c4 16. b4 a6 17. Nh4 Na7 18. f4 Qa4 19. Kd2 Nb5 20. Ra1 Nc6 21. Nf3 Kb7 22. Rhb1 f6 23. exf6 gxf6 24. Bb2 e5 25. fxe5 fxe5 26. Nxe5 Nxe5 27. Qxe5 c3+ 28. Bxc3 Nxc3 29. Rf1 Ne4+ 30. Kd1 Rh7 31. Qe6 Rc7 32. Rc1 Qxa3 0-1